BLB
PHILADELPHIA FREEDOM @ WINDY CITY BLUES
07/06/2059
 
TOP OF THE 1ST
Philadelphia Freedom batting - Pitching for Windy City Blues : RHP James Peters
Pitching: RHP James Peters
Batting: RHB James Goebel 0-0: Swinging Strike
0-1: Swinging Strike
0-2: Ball
1-2: Ball
2-2: Foul Ball, location: 2F
2-2: Strikes out swinging
Batting: RHB Phillip Cox 0-0: Ball
1-0: Foul Ball, location: 2F
1-1: Foul Ball, location: 2F
1-2: Strikes out swinging, 2-3 out at first.
Batting: LHB Rob Morris 0-0: Called Strike
0-1: Foul Ball, location: 2F
0-2: Ball
1-2: Ball
2-2: Foul Ball, location: 2F
2-2: Strikes out swinging
Top of the 1st over - 0 runs, 0 hits, 0 errors, 0 left on base; Philadelphia 0 - Windy City 0
BOTTOM OF THE 1ST
Windy City Blues batting - Pitching for Philadelphia Freedom : LHP Seth Faber
Pitching: LHP Seth Faber
Batting: RHB Ty Dec 0-0: Foul Ball, location: 2F
0-1: Foul Ball, location: 2F
0-2: Ball
1-2: Strikes out looking
Batting: RHB Dorsey Brewer 0-0: Ball
1-0: Ball
2-0: Called Strike
2-1: Ground out 5-3 (Groundball, 56D, EV 107.5 MPH)
Batting: RHB Forest Cordova 0-0: Ball
1-0: Swinging Strike
1-1: Ball
2-1: Ball
3-1: Base on Balls
Batting: RHB Corbin Herron 0-0: Foul Ball, location: 2F
0-1: Ball
1-1: Foul Ball, location: 2F
1-2: Foul Ball, location: 2F
1-2: Ball
2-2: Strikes out looking
Bottom of the 1st over - 0 runs, 0 hits, 0 errors, 1 left on base; Philadelphia 0 - Windy City 0
TOP OF THE 2ND
Philadelphia Freedom batting - Pitching for Windy City Blues : RHP James Peters
Batting: RHB Isaiah Thomas 0-0: Ball
1-0: Swinging Strike
1-1: Foul Ball, location: 2F
1-2: SOLO HOME RUN (Flyball, 7D, EV 95.6 MPH), Distance : 371 ft
Batting: LHB Marlon Johnson 0-0: Ball
1-0: Called Strike
1-1: Swinging Strike
1-2: Strikes out swinging
Batting: RHB Mitch Marcinkowski 0-0: Foul Ball, location: 2F
0-1: Ball
1-1: Called Strike
1-2: Strikes out swinging
Batting: RHB Burgess Nalivkin 0-0: Called Strike
0-1: Swinging Strike
0-2: Ball
1-2: Ball
2-2: Fly out, F5 (Line Drive, 5L, EV 69.4 MPH)
Top of the 2nd over - 1 run, 1 hit, 0 errors, 0 left on base; Philadelphia 1 - Windy City 0
BOTTOM OF THE 2ND
Windy City Blues batting - Pitching for Philadelphia Freedom : LHP Seth Faber
Batting: RHB Adrien Jimenez 0-0: Called Strike
0-1: Ball
1-1: Ball
2-1: Foul Ball, location: 2F
2-2: Foul Ball, location: 2F
2-2: Foul Ball, location: 2F
2-2: SOLO HOME RUN (Flyball, 7D, EV 98.1 MPH), Distance : 374 ft
Batting: RHB Deontae Howard 0-0: Ball
1-0: Ball
2-0: Ball
3-0: SINGLE (Groundball, 4MD, EV 94.4 MPH)
Batting: RHB Donovan Butler 0-0: Called Strike
0-1: Ball
1-1: Fielders Choice at 2nd, 3-6 (Groundball, 3, EV 105.0 MPH)
Batting: RHB K.J. Avery 0-0: Fly out, F5 (Line Drive, 5L, EV 66.2 MPH)
Batting: RHB Del Tarrance 0-0: Ball
1-0: Ball
2-0: Called Strike
2-1: Ball
3-1: Base on Balls
Donovan Butler to second
Batting: RHB Ty Dec 0-0: Ball
1-0: Foul Ball, location: 2F
1-1: SINGLE (Line Drive, 34D, EV 96.2 MPH)
Donovan Butler to third
Del Tarrance to second
Runner from 3rd tries for Home, SAFE, throw by RF to home
Batting: RHB Dorsey Brewer 0-0: Ball
1-0: Called Strike
1-1: Foul Ball, location: 2F
1-2: Strikes out swinging
Bottom of the 2nd over - 2 runs, 3 hits, 0 errors, 2 left on base; Philadelphia 1 - Windy City 2
TOP OF THE 3RD
Philadelphia Freedom batting - Pitching for Windy City Blues : RHP James Peters
Batting: RHB Art Swor 0-0: Ball
1-0: Ground out 5-3 (Groundball, 56, EV 105.0 MPH)
Batting: RHB Gavin Hubble 0-0: Ball
1-0: Foul Ball, location: 2F
1-1: Foul Ball, location: 2F
1-2: Hit by Pitch
Batting: RHB James Goebel 0-0: Foul Ball, location: 2F
0-1: Fly out, F7 (Flyball, 78S, EV 90.6 MPH)
Batting: RHB Phillip Cox 0-0: Called Strike
0-1: Foul Ball, location: 2F
0-2: Foul Ball, location: 2F
0-2: Strikes out swinging
Top of the 3rd over - 0 runs, 0 hits, 0 errors, 1 left on base; Philadelphia 1 - Windy City 2
BOTTOM OF THE 3RD
Windy City Blues batting - Pitching for Philadelphia Freedom : LHP Seth Faber
Batting: RHB Forest Cordova 0-0: Swinging Strike
0-1: Ball
1-1: DOUBLE (Flyball, 89D, EV 102.5 MPH)
Batting: RHB Corbin Herron 0-0: Called Strike
0-1: DOUBLE (Flyball, 89XD, EV 104.4 MPH)
Forest Cordova scores
Batting: RHB Adrien Jimenez 0-0: Fly out, F9 (Line Drive, 89M, EV 96.2 MPH)
Batting: RHB Deontae Howard 0-0: Ball
1-0: Called Strike
1-1: Ball
2-1: Ball
3-1: Ground out 6-3 (Groundball, 6, EV 83.8 MPH)
Batting: RHB Donovan Butler 0-0: Called Strike
0-1: Foul Ball, location: 2F
0-2: Ball
1-2: Ball
2-2: Ball
3-2: Base on Balls
Batting: RHB K.J. Avery 0-0: Called Strike
0-1: Ball
1-1: Ball
2-1: Fielders Choice at 2nd, 6-4 (Groundball, 56, EV 83.8 MPH)
Bottom of the 3rd over - 1 run, 2 hits, 0 errors, 2 left on base; Philadelphia 1 - Windy City 3
TOP OF THE 4TH
Philadelphia Freedom batting - Pitching for Windy City Blues : RHP James Peters
Batting: LHB Rob Morris 0-0: Swinging Strike
0-1: Ball
1-1: Foul Ball, location: 2F
1-2: Strikes out swinging
Batting: RHB Isaiah Thomas 0-0: Called Strike
0-1: Foul Ball, location: 2F
0-2: Ball
1-2: Strikes out looking
Batting: LHB Marlon Johnson 0-0: SINGLE (Groundball, 6MD, EV 108.8 MPH)
Batting: RHB Mitch Marcinkowski 0-0: Ball
1-0: Called Strike
1-1: Fly out, F6 (Line Drive, 6, EV 71.9 MPH)
Top of the 4th over - 0 runs, 1 hit, 0 errors, 1 left on base; Philadelphia 1 - Windy City 3
BOTTOM OF THE 4TH
Windy City Blues batting - Pitching for Philadelphia Freedom : LHP Seth Faber
Batting: RHB Del Tarrance 0-0: Called Strike
0-1: Hit by Pitch
Batting: RHB Ty Dec 0-0: Called Strike
0-1: Called Strike
0-2: Foul Ball, location: 2F
0-2: DOUBLE (Line Drive, 5D, EV 105.0 MPH)
Del Tarrance to third
Batting: RHB Dorsey Brewer 0-0: Called Strike
0-1: Ball
1-1: 3-RUN HOME RUN (Flyball, 7D, EV 98.8 MPH), Distance : 366 ft
Pitching: RHP Alec Jarvis
Batting: RHB Forest Cordova 0-0: Ball
1-0: Ball
2-0: Fly out, F8 (Line Drive, 8LM, EV 95.0 MPH)
Batting: RHB Corbin Herron 0-0: Called Strike
0-1: Ball
1-1: Called Strike
1-2: Foul Ball, location: 2F
1-2: Fly out, F8 (Flyball, 8LS, EV 90.6 MPH)
Batting: RHB Adrien Jimenez 0-0: Ball
1-0: Called Strike
1-1: Foul Ball, location: 2F
1-2: Ball
2-2: Strikes out looking
Bottom of the 4th over - 3 runs, 2 hits, 0 errors, 0 left on base; Philadelphia 1 - Windy City 6
TOP OF THE 5TH
Philadelphia Freedom batting - Pitching for Windy City Blues : RHP James Peters
Batting: RHB Burgess Nalivkin 0-0: Called Strike
0-1: Swinging Strike
0-2: Ball
1-2: SINGLE (Flyball, 8LS, EV 86.9 MPH)
Batting: RHB Art Swor 0-0: Called Strike
0-1: Ball
1-1: Ball
2-1: Foul Ball, location: 2F
2-2: Hit by Pitch
Burgess Nalivkin to second
Batting: RHB Gavin Hubble 0-0: Foul Ball, location: 2F
0-1: Ball
1-1: Foul Ball, location: 2F
1-2: Foul Ball, location: 2F
1-2: Ball
2-2: SINGLE (Line Drive, 4D, EV 95.0 MPH)
Burgess Nalivkin to third
Art Swor to second
Batting: RHB James Goebel 0-0: SINGLE (Flyball, 5D, EV 82.5 MPH)
Burgess Nalivkin scores
Art Swor to third
Gavin Hubble to second
Batting: RHB Phillip Cox 0-0: Ball
1-0: Ball
2-0: Ball
3-0: Called Strike
3-1: SINGLE (Groundball, 56D, EV 96.9 MPH)
Art Swor scores
Gavin Hubble to third
James Goebel to second
Batting: LHB Rob Morris 0-0: Foul Ball, location: 2F
0-1: Ball
1-1: Foul Ball, location: 2F
1-2: Ball
2-2: Strikes out swinging
Batting: RHB Isaiah Thomas 0-0: Fly out, F9 (Flyball, 9, EV 93.1 MPH)
Runner from 3rd tags up, OUT at HOME! 9-2
Top of the 5th over - 2 runs, 4 hits, 0 errors, 2 left on base; Philadelphia 3 - Windy City 6
BOTTOM OF THE 5TH
Windy City Blues batting - Pitching for Philadelphia Freedom : RHP Alec Jarvis
Batting: RHB Deontae Howard 0-0: Called Strike
0-1: Called Strike
0-2: Foul Ball, location: 2F
0-2: Ball
1-2: Strikes out swinging
Batting: RHB Donovan Butler 0-0: Ball
1-0: Ball
2-0: Ball
3-0: Called Strike
3-1: Ground out 4-3 (Groundball, 4, EV 100.6 MPH)
Batting: RHB K.J. Avery 0-0: Ball
1-0: Swinging Strike
1-1: Ball
2-1: Called Strike
2-2: Strikes out swinging
Bottom of the 5th over - 0 runs, 0 hits, 0 errors, 0 left on base; Philadelphia 3 - Windy City 6
TOP OF THE 6TH
Philadelphia Freedom batting - Pitching for Windy City Blues : RHP James Peters
Batting: LHB Marlon Johnson 0-0: Ball
1-0: Called Strike
1-1: Swinging Strike
1-2: Strikes out swinging
Batting: RHB Mitch Marcinkowski 0-0: Ball
1-0: Foul Ball, location: 2F
1-1: Ball
2-1: Foul Ball, location: 2F
2-2: Ball
3-2: Strikes out swinging, 2-3 out at first.
Batting: RHB Burgess Nalivkin 0-0: SINGLE (Groundball, 6D, EV 99.4 MPH)
Batting: RHB Art Swor 0-0: Foul Ball, location: 2F
0-1: Ball
1-1: SINGLE (Line Drive, 7S, EV 107.5 MPH)
Burgess Nalivkin to second
Batting: RHB Gavin Hubble 0-0: DOUBLE (Line Drive, 89XD, EV 110.6 MPH)
Burgess Nalivkin scores
Art Swor to third
Batting: RHB James Goebel 0-0: Ball
1-0: Ball
2-0: Foul Ball, location: 2F
2-1: Ball
3-1: Called Strike
3-2: Foul Ball, location: 2F
3-2: SINGLE (Line Drive, 89M, EV 102.5 MPH)
Art Swor scores
Gavin Hubble to third
Pitching: RHP R.V. Weatherby
Batting: RHB Phillip Cox 0-0: Ball
1-0: Ground out 4-3 (Groundball, 4, EV 97.5 MPH)
Top of the 6th over - 2 runs, 4 hits, 0 errors, 2 left on base; Philadelphia 5 - Windy City 6
BOTTOM OF THE 6TH
Windy City Blues batting - Pitching for Philadelphia Freedom : RHP Alec Jarvis
Batting: RHB Del Tarrance 0-0: Swinging Strike
0-1: Swinging Strike
0-2: Ball
1-2: Foul Ball, location: 2F
1-2: Foul Ball, location: 2F
1-2: Strikes out swinging
Batting: RHB Ty Dec 0-0: Ball
1-0: Ball
2-0: Ball
3-0: Called Strike
3-1: Called Strike
3-2: Foul Ball, location: 2F
3-2: Foul Ball, location: 2F
3-2: Fly out, F9 (Flyball, 9D, EV 83.1 MPH)
Batting: RHB Dorsey Brewer 0-0: Ground out 6-3 (Groundball, 6, EV 85.0 MPH)
Bottom of the 6th over - 0 runs, 0 hits, 0 errors, 0 left on base; Philadelphia 5 - Windy City 6
TOP OF THE 7TH
Philadelphia Freedom batting - Pitching for Windy City Blues : RHP R.V. Weatherby
Batting: LHB Rob Morris 0-0: Ball
1-0: Ball
2-0: Swinging Strike
2-1: Foul Ball, location: 2F
2-2: Ball
3-2: Strikes out swinging
Batting: RHB Isaiah Thomas 0-0: Called Strike
0-1: Swinging Strike
0-2: Ground out 3-1 (Groundball, 34, EV 87.5 MPH)
Batting: LHB Marlon Johnson 0-0: Called Strike
0-1: Swinging Strike
0-2: Foul Ball, location: 2F
0-2: Ball
1-2: Ball
2-2: Ball
3-2: Foul Ball, location: 2F
3-2: SOLO HOME RUN (Flyball, 9LD, EV 92.5 MPH), Distance : 346 ft
Batting: RHB Mitch Marcinkowski 0-0: Swinging Strike
0-1: Swinging Strike
0-2: Fly out, F7 (Line Drive, 7, EV 93.8 MPH)
Top of the 7th over - 1 run, 1 hit, 0 errors, 0 left on base; Philadelphia 6 - Windy City 6
BOTTOM OF THE 7TH
Windy City Blues batting - Pitching for Philadelphia Freedom : RHP Alec Jarvis
Batting: RHB Forest Cordova 0-0: Foul Ball, location: 2F
0-1: Ball
1-1: SINGLE (Groundball, 6D, EV 95.6 MPH)
Pitching: RHP Rich Thomas
Batting: RHB Corbin Herron 0-0: Ball
1-0: Called Strike
1-1: Fly out, F7 (Flyball, 7LM, EV 86.2 MPH)
Batting: RHB Adrien Jimenez 0-0: Called Strike
0-1: Fly out, F6 (Line Drive, 6, EV 63.8 MPH)
Pinch Hitting: LHB Idris Wnuk 0-0: Ball
1-0: Ball
2-0: Ball
3-0: Base on Balls
Forest Cordova to second
Batting: LHB Tommy Tuten 0-0: Foul Ball, location: 2F
0-1: Ball
1-1: Called Strike
1-2: Ball
2-2: Ball
3-2: SINGLE (Flyball, 89S, EV 92.5 MPH)
Forest Cordova to third
Idris Wnuk to second
Forest Cordova scores
Idris Wnuk to third
Batting: RHB K.J. Avery 0-0: Called Strike
0-1: Foul Ball, location: 2F
0-2: Foul Ball, location: 2F
0-2: Ball
1-2: Fly out, F9 (Flyball, 9D, EV 102.5 MPH)
Bottom of the 7th over - 1 run, 2 hits, 0 errors, 2 left on base; Philadelphia 6 - Windy City 7
TOP OF THE 8TH
Philadelphia Freedom batting - Pitching for Windy City Blues : RHP R.V. Weatherby
Now in LF: J.J. Evans
Batting: RHB Burgess Nalivkin 0-0: Foul Ball, location: 2F
0-1: Foul Ball, location: 2F
0-2: Strikes out swinging
Pinch Hitting: LHB Amonte Raper 0-0: Ball
1-0: Called Strike
1-1: Ball
2-1: Called Strike
2-2: Ball
3-2: SINGLE (Groundball, 4MD, EV 101.9 MPH)
Pitching: LHP Rashan Runako
Batting: RHB Gavin Hubble 0-0: Ball
1-0: SINGLE (Groundball, 56D, EV 96.2 MPH)
Amonte Raper to second
Pitching: RHP Keegan Davies
Pinch Runner at 2nd James Lester:
Batting: RHB James Goebel 0-0: Called Strike
0-1: Called Strike
0-2: Ball
1-2: Grounds into double play, 1-6-3 (Groundball, 13S, EV 65.6 MPH)
Top of the 8th over - 0 runs, 2 hits, 0 errors, 1 left on base; Philadelphia 6 - Windy City 7
BOTTOM OF THE 8TH
Windy City Blues batting - Pitching for Philadelphia Freedom : RHP Rich Thomas
Now at 3B: James Lester
Batting: RHB Del Tarrance 0-0: Ground out 6-3 (Groundball, 6, EV 86.2 MPH)
Batting: RHB Ty Dec 0-0: Ball
1-0: Called Strike
1-1: Ball
2-1: Foul Ball, location: 2F
2-2: Foul Ball, location: 2F
2-2: Ball
3-2: Base on Balls
Pitching: RHP Levi Quinn
Batting: RHB Dorsey Brewer 0-0: Fly out, F7 (Flyball, 7S, EV 85.6 MPH)
Batting: RHB Forest Cordova 0-0: Ball
1-0: Ground out 4-3 (Groundball, 4, EV 82.5 MPH)
Bottom of the 8th over - 0 runs, 0 hits, 0 errors, 1 left on base; Philadelphia 6 - Windy City 7
TOP OF THE 9TH
Philadelphia Freedom batting - Pitching for Windy City Blues : RHP Keegan Davies
Batting: RHB Phillip Cox 0-0: Ball
1-0: Called Strike
1-1: Ball
2-1: DOUBLE (Line Drive, 9LS, EV 87.5 MPH)
Batting: LHB Rob Morris 0-0: Ball
1-0: Called Strike
1-1: Called Strike
1-2: Strikes out swinging
Batting: RHB Isaiah Thomas 0-0: Ball
1-0: Ball
2-0: Ball
3-0: Base on Balls
Batting: LHB Marlon Johnson 0-0: Grounds into double play, 5-4-3 (Groundball, 56, EV 81.2 MPH)
Top of the 9th over - 0 runs, 1 hit, 0 errors, 1 left on base; Philadelphia 6 - Windy City 7
Monday, March 11th , 2024 - OOTP Baseball 23.10 Build 110